 Dungeon Sprint DCSS version 0.28-a0-925-gd5e1996cdb (webtiles) character file.

Game seed: 10848701226670063723

49 emperorscorpion the Magician (level 4, -1/31 HPs)
             Began as a Djinni Air Elementalist on Nov 26, 2021.
             Killed by their own static electricity (3 damage)
             ... in the Dungeon (Sprint IX: "|||||||||||||||||||||||||||||").
             The game lasted 00:00:37 (77 turns).

emperorscorpion the Magician (DjAE)                   Turns: 77, Time: 00:00:37

Health: -1/31      AC:  2    Str:  7    XL:     4   Next: 2%
Gold:   0          EV: 13    Int: 17    God:
                   SH:  0    Dex: 14

rFire   + + .      SeeInvis .   (no weapon)
rCold   x . .      Faith    .   (no shield)
rNeg    . . .      Spirit   .   a - +0 robe
rPois   ∞          Reflect  .   (no helmet)
rElec   .          Harm     .   (no cloak)
rCorr   .          Rampage  .   (no gloves)
Will    .....      NoTele   +   (boots unavailable)
Stlth   ++........              (no amulet)
HPRegen 0.10/turn               (no ring)
MPRegen 0.00/turn               (no ring)

@: flying
A: sickness immunity, fire resistance 2, cold vulnerability 1, float, innate
caster, hp casting, extra vitality 1
a: no special abilities


You were in the Dungeon.
You visited 1 branch

Inventory:

Armour
 a - a +0 robe (worn)
Scrolls
 f - a scroll of blinking
Potions
 b - a potion of curing
 c - a potion of heal wounds
 d - a potion of haste
 e - a potion of berserk rage


   Skills:
 + Level 0.3 Fighting
 + Level 3.7 Dodging
 + Level 2.3 Stealth
 + Level 0.2 Unarmed Combat
 + Level 5.2 Spellcasting


You had 2 spell levels left.
You knew the following spells:

 Your Spells              Type           Power      Damage    Failure   Level
a - Shock                 Conj/Air       88%        1d8       1%          1
b - Static Discharge      Conj/Air       22%        N/A       2%          2
c - Swiftness             Air            22%        N/A       4%          3
d - Airstrike             Air            11%        N/A       16%         4
e - Sandblast             Erth           44%        2d11      1%          1
Your spell library was empty.

Dungeon Overview and Level Annotations

Branches:
Dungeon (1/1)

Altars:


Innate Abilities, Weirdness & Mutations

You are immune to sickness and miasma.
You are immune to poison.
Your flesh is very heat resistant. (rF++)
You are vulnerable to cold. (rC-)
You float through the air rather than walking.
You learn spells naturally, not from books.
Your magical power is your life essence.
You have superior vitality. (+4 HP)


Message History

The howler monkey is almost dead.
The zap hits the ufetubus.
You kill the ufetubus!
The zap hits the ogre.
The ogre is heavily wounded.
* * * LOW HITPOINT WARNING * * *
The howler monkey hoots and howls with incredible vigour!
The howler monkey hits you.
* * * LOW HITPOINT WARNING * * *
Casting: Shock (safe; 3% risk of failure)
Confirm with . or Enter, or press ? or * to list all spells.
The howler monkey is struck by an arc of lightning!
You kill the howler monkey!
The ogre is struck by an arc of lightning!
The ogre is severely wounded.
The lightning grounds out.
* * * LOW HITPOINT WARNING * * *
Your Stealth skill increases to level 2!
Your Spellcasting skill gained 2 levels and is now at level 5!
You have reached level 3!
Your experience leads to an increase in your attributes!
Increase (S)trength, (I)ntelligence, or (D)exterity?
You feel clever.
The power to cast Sandblast wells up from within.
Spell assigned to 'e'.
You have reached level 4!
You feel agile.
You reach down and close the door, pushing everything out of the way.
You see here a howler monkey corpse.
An ogre breaks down the door.
You see here a +0 whip.
Things that are here:
a +0 whip; a kobold corpse
There is an open door to the Dungeon here.
There is a staircase leading out of the dungeon here.
Casting: Static Discharge (safe; 2% risk of failure)
Confirm with . or Enter, or press ? or * to list all spells.
The ogre is struck by an arc of lightning!
The ogre is almost dead.
You are struck by an arc of lightning.
You die... ▓▓▓▓▓▓▓▓▓▓▓▓▓▓▓▓▓▓ ▓@O..').).†'..)..+ ▓▓▓▓▓▓▓▓▓▓▓▓▓▓▓▓▓▓

You could see an ogre.

Vanquished Creatures
  A howler monkey (D)
  An ufetubus (D)
  An orc (D)
  2 endoplasms (D)
  A giant cockroach (D)
  A ball python zombie (D)
  2 kobolds (D)
9 creatures vanquished.

Notes
Turn   | Place    | Note
-------+----------+-------------------------------------------
     0 | D        | emperorscorpion the Djinni Air Elementalist began the quest
                  | for the Orb.
     0 | D        | Reached XP level 1. HP: 15/15 MP: 0/0
     7 | D        | Reached skill level 3 in Spellcasting
    60 | D        | Noticed a howler monkey
    60 | D        | Noticed an ogre
    63 | D        | Reached XP level 2. HP: 17/21 MP: 0/0
    66 | D        | Killed a howler monkey
    67 | D        | Reached skill level 5 in Spellcasting
    67 | D        | Reached XP level 3. HP: 2/26 MP: 0/0
    67 | D        | Learned a level 1 spell: Sandblast
    67 | D        | Reached XP level 4. HP: 3/31 MP: 0/0
    77 | D        | Killed from afar by themself

Illustrated notes

Levels and vault maps discovered:
D:        linesprint [early_d, line_temple, items_1, d_10, items_2, lair_1,
          lair_end, items_3, orc_1, orc_end, items_4, d_15, swamp_1, shoals_1,
          snake_1, spider_1, d_20, vaults_1, items_5, swamp_end, shoals_end,
          snake_end, spider_end, vaults_end, d_27, items_6, zot_1, zot_end,
          crypt_end, forest_end, elf_end, slime_end, tomb_end, abyss_end,
          pan_hell_end]

Skill      XL: |  1  2 |
---------------+-------+-----
Spellcasting   | 3 5 |  5.2
Dodging        | 3 |  3.7
Stealth        | 2 |  2.3
Fighting       | |  0.3
Unarmed Combat | |  0.2

Action                   |  1- 3 |  4- 6 || total
-------------------------+-------+-------++-------
Melee: Unarmed           |     1 |       ||     1
 Cast: Shock             |     8 |       ||     8
       Static Discharge  |     1 |       ||     1
Dodge: Dodged            |     3 |       ||     3

Table legend: (Time is in decaauts)
 A = Elapsed time spent in this place.
 B = Non-inter-level travel time spent in this place.
 C = Inter-level travel time spent in this place.
 D = Time resting spent in this place.
 E = Time spent auto-exploring this place.
 F = Levels seen in this place.
 G = Mean time per level.
                   A        B        C        D        E       F      G
               +--------+--------+--------+--------+--------+-----+--------+
         Total |     77 |     77 |      0 |     46 |      0 |   1 |   77.0 |
       Dungeon |     77 |     77 |      0 |     46 |      0 |   1 |   77.0 |
               +--------+--------+--------+--------+--------+-----+--------+

Top non-repeatable levels by time:
       D: 77 daAuts
